 Dungeon Crawl Stone Soup version 0.28-a0-2-g643f2454ad (webtiles) character file.

Game seed: 7330274498086880239

212 robertstho the Ruffian (level 5, 0/79 HPs)
             Began as a Troll Berserker on July 22, 2021.
             Was a Believer of Trog.
             Slain by a two-headed ogre (19 damage)
             ... on level 4 of the Dungeon.
             The game lasted 00:02:06 (1847 turns).

robertstho the Ruffian (Troll Berserker)            Turns: 1847, Time: 00:02:07

Health: 0/79       AC:  4    Str: 25    XL:     5   Next: 58%
Magic:  4/4        EV: 10    Int:  4    God:    Trog [**....]
Gold:   115        SH:  0    Dex:  9    Spells: 4/4 levels left

rFire   . . .      SeeInvis +     - Unarmed
rCold   . . .      Faith    .   (no shield)
rNeg    . . .      Spirit   .   a - +0 animal skin
rPois   .          Reflect  .   (helmet restricted)
rElec   .          Harm     .   (no cloak)
rCorr   .          Rampage  .   (gloves unavailable)
Will    .....                   (boots unavailable)
Stlth   ..........              (no amulet)
HPRegen 1.23/turn               e - ring of see invisible
MPRegen 0.09/turn               (no ring)

@: berserking, very quick
A: large, unfitting armour, claws 3, regeneration 1, shaggy fur 1, tough skin 1
a: Renounce Religion, Berserk, Trog's Hand


You were on level 4 of the Dungeon.
You worshipped Trog.
Trog was pleased with you.
You visited 1 branch of the dungeon, and saw 4 of its levels.

You collected 115 gold pieces.

Inventory:

Armour
 a - a +0 animal skin (worn)
Jewellery
 e - a ring of see invisible (left claw)
Scrolls
 b - a scroll of noise {unknown}
 d - 2 scrolls of identify {unknown}
 g - a scroll of brand weapon {unknown}
 i - a scroll of magic mapping {unknown}
 l - 2 scrolls of fog {unknown}
Potions
 c - a potion of ambrosia {unknown}
 f - 2 potions of curing {unknown}
 h - a potion of heal wounds {unknown}
 j - a potion of attraction {unknown}
 k - a potion of cancellation {unknown}


   Skills:
 * Level 3.3 Fighting
 * Level 1.6 Armour
 + Level 3.0 Dodging
 + Level 4.6 Unarmed Combat


You had 4 spell levels left.
You didn't know any spells.
Your spell library was empty.

Dungeon Overview and Level Annotations

Branches:
Dungeon (4/15)
 Temple: D:4-7

Altars:
Gozag
Zin


Innate Abilities, Weirdness & Mutations

You are too large for most types of armour.
You have claws for hands.
Your natural rate of healing is unusually fast.
You are covered in fur. (AC +1)
You have tough skin. (AC +1)


Message History

No target in view!
No target in view!
No target in view!
No target in view!
No target in view!
No target in view!
No target in view!
No target in view!
No target in view!
No target in view!
No target in view!
A hobgoblin comes into view.
The hobgoblin shouts!
You hear a shout!
A hobgoblin is nearby!
A hobgoblin is nearby!
A hobgoblin is nearby!
A hobgoblin is nearby!
A two-headed ogre comes into view.
It is wielding two +0 giant spiked clubs.
A kobold comes into view. It is wielding a +0 dagger.
The kobold shouts!
You closely miss the hobgoblin. The hobgoblin misses you.
A hobgoblin comes into view.
You scratch the hobgoblin.
You kill the hobgoblin!
Trog accepts your kill.
You scratch the two-headed ogre but do no damage.
The two-headed ogre hits you but does no damage.
The two-headed ogre hits you with a +0 giant spiked club!
You scratch the two-headed ogre. You claw the two-headed ogre.
The two-headed ogre is lightly wounded.
A red film seems to cover your vision as you go berserk!
You feel yourself moving faster!
You feel mighty!
The two-headed ogre hits you with a +0 giant spiked club!
The two-headed ogre hits you with a +0 giant spiked club!!
You scratch the two-headed ogre.
The two-headed ogre is lightly wounded.
The two-headed ogre hits you with a +0 giant spiked club!
* * * LOW HITPOINT WARNING * * *
The two-headed ogre hits you with a +0 giant spiked club!!
You die...

### . #.. . ### ...#.
. #...#...#
#.#...#.#.#
........#.##
#.....#.#..#
#......#.##
#...O@....#######
#...K#..........#####.
#...####..............
#.g# #.##...........
#.. #..........###.
#.. ####..##..##...
... ##..##.....# ...
##.....#...
..[....#.....


You could see a two-headed ogre, a hobgoblin and a kobold.

Vanquished Creatures
  An ogre (D:4)
  A hound (D:3)
  A hound skeleton (D:4)
  A gnoll (D:1)
  An adder (D:2)
  A worm (D:3)
  3 dart slugs
  4 orcs (D:3)
  4 bats
  4 endoplasms
  5 giant cockroaches
  8 goblins
  4 hobgoblins
  4 jackals (D:2)
  5 quokkas
  2 ball pythons (D:1)
  2 frilled lizards (D:1)
  3 kobolds
  3 rats
57 creatures vanquished.

Notes
Turn   | Place    | Note
-------+----------+-------------------------------------------
     0 | D:1      | robertstho the Troll Berserker began the quest for the Orb.
     0 | D:1      | Reached XP level 1. HP: 22/22 MP: 0/0
    66 | D:1      | Reached XP level 2. HP: 26/29 MP: 1/1
   193 | D:1      | Reached XP level 3. HP: 34/36 MP: 2/2
   566 | D:2      | Reached ** piety under Trog
   832 | D:2      | Reached skill level 1 in Armour
  1125 | D:3      | Reached XP level 4. HP: 37/45 MP: 3/3
  1416 | D:3      | Reached skill level 4 in Unarmed Combat
  1730 | D:4      | Noticed an ogre
  1740 | D:4      | Killed an ogre
  1741 | D:4      | Reached XP level 5. HP: 15/53 MP: 4/4
  1795 | D:4      | Found a glowing silver altar of Zin.
  1795 | D:4      | Found an opulent altar of Gozag.
  1840 | D:4      | Noticed a two-headed ogre
  1847 | D:4      | Slain by a two-headed ogre

Illustrated notes

Levels and vault maps discovered:
D:1:      minmay_arrival_split_and_join, layout_rooms,
          kennysheep_decorative_pillar
D:2:      layout_loops_ring
D:3:      layout_loops_ring, chequers_serial_rivers_marsh
D:4:      layout_rooms, grunt_temple_overflow_gold_and_silver,
          kennysheep_little_box, mainiacjoe_overflow_alcove_1,
          minmay_misc_feat_plants, uniq_blork_the_orc, uniq_grinder, uniq_pikel

Skill      XL: |  1  2  3  4 |
---------------+-------------+-----
Fighting       | 3 |  3.3
Armour         | 1 |  1.6
Unarmed Combat | 4 |  4.6
Dodging        | 3 |  3.0

Action                   |  1- 3 |  4- 6 || total
-------------------------+-------+-------++-------
Melee: Unarmed           |    87 |    69 ||   156
       Punch             |     2 |     1 ||     3
Invok: Berserk           |       |     2 ||     2
 Stab: Sleeping          |     1 |       ||     1
Armor: Animal skin       |    26 |    11 ||    37
Dodge: Dodged            |    27 |    25 ||    52

Table legend: (Time is in decaauts)
 A = Elapsed time spent in this place.
 B = Non-inter-level travel time spent in this place.
 C = Inter-level travel time spent in this place.
 D = Time resting spent in this place.
 E = Time spent auto-exploring this place.
 F = Levels seen in this place.
 G = Mean time per level.
                   A        B        C        D        E       F      G
               +--------+--------+--------+--------+--------+-----+--------+
         Total |   1851 |   1738 |    113 |     25 |   1376 |   4 |  462.8 |
       Dungeon |   1851 |   1738 |    113 |     25 |   1376 |   4 |  462.8 |
               +--------+--------+--------+--------+--------+-----+--------+

Top non-repeatable levels by time:
     D:3: 631 daAuts
     D:2: 622 daAuts
     D:1: 489 daAuts
     D:4: 107 daAuts
